 Dungeon Crawl Stone Soup version 0.19.5 (webtiles) character file.

48 NullDivider the Changer (level 3, -3/31 HPs)
             Began as a Naga Transmuter on Apr 18, 2017.
             Killed from afar by a dart slug (6 damage)
             ... with a slug dart
             ... on level 2 of the Dungeon.
             The game lasted 00:05:02 (865 turns).

NullDivider the Changer (Naga Transmuter)            Turns: 865, Time: 00:05:03

Health: -3/31      AC:  2    Str: 12    XL:     3   Next: 72%
Magic:  6/6        EV: 10    Int: 14    God:
Gold:   72         SH:  0    Dex: 11    Spells: 3 memorised, 0 levels left

rFire  . . .     SeeInvis +       - Unarmed
rCold  . . .     Gourm    .     b - +0 robe
rNeg   . . .     Faith    .     (no shield)
rPois  +         Spirit   .     (no helmet)
rElec  .         Reflect  .     (no cloak)
rCorr  .         Harm     .     (no gloves)
MR     .....                    (no barding)
Stlth  +.........               (no amulet)
                                (no ring)
                                (no ring)

@: very slow
A: see invisible, deformed body, poison resistance, slowness 2, slow metabolism
1, spit poison 1, AC +1
a: Spit Poison


You were on level 2 of the Dungeon.
You were not hungry.

You visited 1 branch of the dungeon, and saw 2 of its levels.

You collected 72 gold pieces.

Inventory:

Missiles
 a - 12 arrows
Armour
 b - a +0 robe (worn)
Scrolls
 e - 4 scrolls of identify {unknown}
 f - a scroll of remove curse {unknown}
 g - a scroll of immolation {unknown}
Books
 c - a book of Changes

   Spells                             Type                      Level
   a - Beastly Appendage              Transmutation                1
   b - Sticks to Snakes               Transmutation                2
   c - Spider Form                    Transmutation/Poison         3
   d - Ice Form                       Ice/Transmutation            4
   e - Blade Hands                    Transmutation                5
Comestibles
 d - 2 bread rations


   Skills:
 - Level 1.0 Fighting
 - Level 1.5 Dodging
 - Level 3.0 Unarmed Combat
 - Level 2.0 Spellcasting
 + Level 3.9 Transmutations


You couldn't memorise any spells.
You knew the following spells:

 Your Spells              Type           Power        Failure   Level  Hunger
a - Beastly Appendage     Tmut           ##....       6%          1    ##.....
b - Sticks to Snakes      Tmut           ##......     10%         2    ###....
c - Spider Form           Tmut/Pois      #.........   38%         3    ####...


Dungeon Overview and Level Annotations

Branches:
Dungeon (2/15)

Altars:


Innate Abilities, Weirdness & Mutations

You cannot wear boots.
Your serpentine skin is tough. (AC +1)
You have supernaturally acute eyesight. (SInv)
Armour fits poorly on your strangely shaped body.
Your system is resistant to poisons. (rPois)
You cover ground very slowly.
You have a slow metabolism.
You can spit poison.


Message History

You feel slightly more hungry.
You hit Natasha.
Natasha is almost dead.
Natasha claws you!
You closely miss Natasha.
Natasha is almost dead.
Natasha wildly gestures.
Natasha shimmers violently.
Natasha claws you.
* * * LOW HITPOINT WARNING * * *
The dart slug launches a dart at you. The slug dart hits you!
* * * LOW HITPOINT WARNING * * *
You hit Natasha.
You kill Natasha!
Natasha growls in agony!
You have got your breath back.
The dart slug launches a dart at you. The slug dart hits you!
You die...

#.. ##..## ..
..... . .
..#....#.. ..
........# ...
.......# ....
#.....#
.....###.....#
#...#<.# #†@.##
#.........#
...........#..#
............. .
...........w...
........%......
<........###...
.........# ...


You could see a dart slug.

Vanquished Creatures
  Natasha (D:2)
  A dart slug (D:1)
  A leopard gecko (D:1)
  4 bats (D:1)
  A giant cockroach (D:1)
  3 goblins (D:1)
  6 hobgoblins (D:1)
  2 rats (D:1)
19 creatures vanquished.

Notes
Turn   | Place    | Note
-------+----------+-------------------------------------------
     0 | D:1      | NullDivider the Naga Transmuter began the quest for the Orb.
     0 | D:1      | Reached XP level 1. HP: 18/18 MP: 3/3
    98 | D:1      | Reached XP level 2. HP: 14/25 MP: 5/5
   102 | D:1      | Learned a level 2 spell: Sticks to Snakes
   832 | D:1      | Reached XP level 3. HP: 29/31 MP: 6/6
   837 | D:1      | Learned a level 3 spell: Spider Form
   858 | D:2      | Noticed Natasha
   865 | D:2      | Killed Natasha
   865 | D:2      | Killed from afar by a dart slug

Skill      XL: |  1  2 |
---------------+-------+-----
Transmutations | 3 |  3.9
Fighting       | |  1.0
Dodging        | |  1.5
Unarmed Combat | |  3.0
Spellcasting   | |  2.0

Action                   || total
-------------------------++-------
Melee: Unarmed           ||    40
       Headbutt          ||     1
       Punch             ||     1
 Cast: Beastly Appendage ||     1
 Abil: Spit Poison       ||    16
Armor: Robe              ||     9
Dodge: Dodged            ||    30
